 Dungeon Crawl Stone Soup version 0.26-a0-651-gb41185065b (webtiles) character file.

Game seed: 9320399900538084540

3912 gbos the Fighter (level 10, -9/100 HPs)
             Began as a Naga Wanderer on Oct 9, 2020.
             Was an Initiate of Gozag.
             Mangled by a cane toad (17 damage)
             ... on level 1 of the Lair of Beasts.
             The game lasted 00:42:35 (16068 turns).

gbos the Fighter (Naga Wanderer)                   Turns: 16068, Time: 00:42:36

Health: -9/100     AC:  6    Str: 18    XL:     10   Next: 20%
Magic:  14/14      EV:  9    Int: 14    God:    Gozag
Gold:   594        SH:  0    Dex:  9    Spells: 14/15 levels left

rFire    + . .     SeeInvis +   a - +7 trident of Beogh's Hope {vorpal, rN+ MR+}
rCold    + . .     Faith    .   (no shield)
rNeg     + . .     Spirit   .   g - +1 robe {rF+}
rPois    +         Reflect  .   (no helmet)
rElec    .         Harm     .   x - +0 cloak
rCorr    .         Rampage  .   (no gloves)
MR       ++...                  (no barding)
Stlth    ++++......             w - amulet of the acrobat
HPRegen  0.26/turn              y - ring of protection from cold
MPRegen  0.14/turn              d - ring of stealth

@: mighty, lethally poisoned (-9 -> -22), short of breath, stab, invisible, very
slow
A: large, see invisible, deformed body, poison resistance, slowness 2, spit
poison 1, AC +3
a: Spit Poison, Potion Petition, Call Merchant, Bribe Branch, Renounce Religion


You were on level 1 of the Lair of Beasts.
You worshipped Gozag.
Gozag was pleased with you.
You visited 3 branches of the dungeon, and saw 11 of its levels.

You collected 1103 gold pieces.
You spent 45 gold pieces at shops.
You paid 464 gold pieces to Gozag.


Innate Abilities, Weirdness & Mutations

You cannot wear boots.
Your serpentine skin is tough. (AC +3)
You have supernaturally acute eyesight. (SInv)
Armour fits poorly on your strangely shaped body.
Your system is resistant to poisons. (rPois)
You cover ground very slowly.
You can spit poison.


   Skills:
 + Level 9.7 Fighting
 - Level 2.0 Maces & Flails
 - Level 1.0 Throwing
 - Level 8.0 Stealth
 - Level 4.0 Shields
 - Level 3.0 Spellcasting
 - Level 2.6 Poison Magic
 - Level 8.0 Evocations


You had 14 spell levels left.
You knew the following spells:

 Your Spells              Type           Power        Failure   Level
z - Sting                 Tmut/Pois      #...         12%         1

Your spell library contained the following spells:

 Spells                   Type           Power        Failure   Level
 Ignite Poison            Fire/Tmut/Pois #.......     41%         3
 Static Discharge         Conj/Air       #.......     54%         3
 Lightning Bolt           Conj/Air       #.........   99%         5
 Ignition                 Fire           #.........   100%        8
 Shatter                  Erth           #.........   100%        9
 Tornado                  Air            #.........   100%        9

Inventory:

Hand Weapons
 a - the +7 trident of Beogh's Hope (weapon) {vorpal, rN+ MR+}

   It inflicts extra damage upon your enemies.
   It protects you from negative energy.
   It affects your resistance to hostile enchantments.
 b - a +0 hunting sling
 u - a +2 dagger of venom
 F - the +7 mace of the Assorted Xenops {drain, rN+ MR+} A truly terrible weapon, it drains the life of those it strikes. It protects you from negative energy. It affects your resistance to hostile enchantments.
Missiles
 c - 52 poisoned darts (quivered)
 i - 2 curare-tipped darts {=f}
 j - 65 sling bullets
 s - 4 datura-tipped darts
 K - 8 atropa-tipped darts
Armour
 e - a +0 robe
 g - a +1 robe of fire resistance (worn)
 v - a +0 kite shield
 x - a +0 cloak (worn)
 J - a +0 pair of gloves
Magical Staves
 B - an uncursed staff of cold
Jewellery
 d - a ring of stealth (right hand)
 w - an amulet of the acrobat (around neck)
 y - a ring of protection from cold (left hand)
 H - an uncursed amulet of magic regeneration {unknown}
Wands
 h - a wand of acid (7)
 A - a wand of enslavement (12)
 G - a wand of polymorph (10)
Scrolls
 k - 7 scrolls of identify {@r1}
 n - 3 scrolls of fog
 o - 2 scrolls of blinking
 p - 2 scrolls of fear
 q - 2 scrolls of enchant weapon
 r - a scroll of torment {unknown}
 t - 4 scrolls of remove curse
 D - 2 scrolls of teleportation {@r4}
 I - 2 scrolls of amnesia
Potions
 f - 2 potions of flight {unknown}
 l - a potion of cancellation {unknown}
 m - a potion of stabbing
 z - a potion of brilliance
 C - a potion of lignification {!q}

Dungeon Overview and Level Annotations

Branches:
Dungeon (9/15)             Temple (1/1) D:6            Lair (1/6) D:9
    Orc: D:9-12

Altars:
Ashenzari
Cheibriados
Dithmenos
Elyvilon
Fedhas
Gozag
Hepliaklqana
Kikubaaqudgha
Makhleb
Nemelex Xobeh
Okawaru
Sif Muna
Trog
Uskayaw
Wu Jian
Xom
Yredelemnul
Zin
The Shining One

Shops:
D:5 [ D:7

*(
▒..▒▒▒......▒
▒.f ▒▒....▒▒
. ▒..
▒.▒....▒▒▒
..▒▒.
▒▒▒......▒▒
.....
▒▒▒.........
....
▒..▒▒▒▒.....
▒..▒▒▒.▒▒
▒.... ▒.F▒.▒▒
▒▒.. ▒N▒▒ ▒.
▒.▒ ▒.▒ ▒▒▒


You could see a cane toad.


Message History

* * * LOW HITPOINT WARNING * * *
You hit the cane toad but do no damage.
The cane toad is severely wounded.
The cane toad stings you!!
* * * LOW HITPOINT WARNING * * *
The cane toad stings you.
* * * LOW HITPOINT WARNING * * *
Use which ability? (? or * to list)
Aim: a cane toad (severely wounded)
The splash of poison misses the cane toad.
The cane toad stings you!
* * * LOW HITPOINT WARNING * * *
You are poisoned.
The cane toad poisons you! The cane toad stings you.
* * * LOW HITPOINT WARNING * * *
Use which ability? (? or * to list) [a] - 550 gold - resistance, invisibility and stabbing [b] - 176 gold - might and brilliance [c] - 384 gold - invisibility, stabbing and might Purchase which effect?
You no longer have enough gold to fund merchants seeking to open stores in the dungeon.
You fade into invisibility!
You feel ready to backstab.
You feel very mighty all of a sudden.
* * * LOW HITPOINT WARNING * * *
You feel sick. The cane toad stings you!
You die...
Your body crumbles into a pile of gold.

Action                   |  1- 3 |  4- 6 |  7- 9 | 10-12 || total
-------------------------+-------+-------+-------+-------++-------
Melee: Dagger            |    81 |    48 |       |       ||   129
       Mace              |       |     3 |   180 |       ||   183
       Trident           |       |       |    44 |    38 ||    82
 Fire: Hunting sling     |     9 |   128 |   141 |    28 ||   306
Invok: Potion Petition   |       |       |       |     1 ||     1
 Abil: Spit Poison       |    37 |    39 |    52 |    13 ||   141
Evoke: Wand              |       |       |     3 |       ||     3
  Use: Scroll            |       |     6 |     8 |     2 ||    16
       Potion            |       |     2 |     3 |     2 ||     7
 Stab: Sleeping          |       |       |     1 |       ||     1
       Distracted        |       |       |     1 |       ||     1
Armor: Robe              |    19 |    19 |    76 |    11 ||   125
       Skin              |       |       |     6 |       ||     6
Dodge: Dodged            |    55 |    47 |   181 |    25 ||   308
Block: Kite shield       |       |       |    40 |       ||    40

Levels and vault maps discovered:
D:1:      mrwooster_arrival_statue_2, layout_loops_ring, serial_aquarium,
          aquarium_bridge_square [aquarium_subvault_bridge,
          aquarium_subvault_bridge, aquarium_subvault_bridge,
          aquarium_subvault_wall], aquarium_window_2, aquarium_window_fake,
          aquarium_window_1, aquarium_view_2f, aquarium_balcony_double_1,
          minmay_pentomino_s4
D:2:      layout_rooms, uniq_terence, uniq_jessica
D:3:      layout_basic
D:4:      layout_gridville, tgw_sif
D:5:      layout_cave_pools, ashenzari_conservatory_becter, serial_shops,
          nicolae_shop_crystal, kennysheep_crisscross
D:6:      layout_basic, minmay_temple_entry_waves
D:7:      layout_cave_pools, serial_shops, shop, shop
D:8:      layout_basic
D:9:      layout_long_grid, david_lair_shrubbed
Temple:   kilobyte_greek_temple
Lair:1:   layout_layer_cave

Notes
Turn   | Place    | Note
-------+----------+-------------------------------------------
     0 | D:1      | gbos the Naga Wanderer began the quest for the Orb.
     0 | D:1      | gbos set off with the following items: a +2 dagger, 2
                  | curare-tipped darts {=f}, a +0 mace, a +0 robe; and the
                  | following spell memorised: Sting; and the following spells
                  | available to memorise: Ignite Poison
     0 | D:1      | Reached XP level 1. HP: 18/18 MP: 4/4
   381 | D:1      | Reached skill level 1 in Stealth
   594 | D:1      | Reached XP level 2. HP: 8/25 MP: 6/6
   814 | D:1      | Reached skill level 2 in Stealth
  1335 | D:1      | Reached skill level 2 in Fighting
  1554 | D:1      | Reached XP level 3. HP: 21/32 MP: 7/7
  1584 | D:1      | Reached skill level 3 in Stealth
  2674 | D:2      | Reached XP level 4. HP: 40/40 MP: 8/8
  2792 | D:2      | Reached skill level 4 in Stealth
  2960 | D:2      | Reached skill level 3 in Fighting
  3401 | D:2      | Noticed Terence
  3603 | D:2      | Killed Terence
  3603 | D:2      | Reached skill level 5 in Stealth
  3603 | D:2      | Reached XP level 5. HP: 16/49 MP: 9/9
  3983 | D:2      | Noticed Jessica
  4209 | D:2      | Killed Jessica
  5261 | D:3      | Reached skill level 4 in Fighting
  5261 | D:3      | Reached skill level 6 in Stealth
  5261 | D:3      | Reached XP level 6. HP: 53/57 MP: 10/10
  6579 | D:4      | Reached skill level 7 in Stealth
  6674 | D:4      | Got an ebony mace
  6675 | D:4      | Identified the +7 mace of the Assorted Xenops {drain, rN+
                  | MR+} (You found it on level 4 of the Dungeon)
  6767 | D:4      | Reached skill level 5 in Fighting
  6767 | D:4      | Reached XP level 7. HP: 44/67 MP: 11/11
  6903 | D:4      | Reached skill level 8 in Stealth
  6903 | D:4      | Reached skill level 1 in Evocations
  7547 | D:4      | Reached skill level 2 in Evocations
  7623 | D:4      | Found a shimmering blue altar of Sif Muna.
  7959 | D:5      | Entered Level 5 of the Dungeon
  8114 | D:5      | Reached skill level 6 in Fighting
  8114 | D:5      | Reached skill level 3 in Evocations
  8114 | D:5      | Reached XP level 8. HP: 73/76 MP: 12/12
  8245 | D:5      | Found a broken altar of Ashenzari.
  8330 | D:5      | Reached skill level 4 in Evocations
  8416 | D:5      | Found Mepisimi's Armour Boutique.
  8427 | D:5      | Bought a +0 kite shield for 45 gold pieces
  8633 | D:6      | Found a staircase to the Ecumenical Temple.
  8649 | Temple   | Entered the Ecumenical Temple
  8792 | Temple   | Became a worshipper of Gozag Ym Sagoz the Greedy
  8868 | D:6      | Reached skill level 7 in Fighting
  9444 | D:6      | Reached skill level 2 in Shields
  9856 | D:7      | Reached skill level 5 in Evocations
 10612 | D:6      | Reached XP level 9. HP: 54/86 MP: 13/13
 10930 | D:6      | Reached skill level 3 in Shields
 11423 | D:7      | Found Loqeac's Assorted Antiques.
 11465 | D:7      | Reached skill level 8 in Fighting
 11465 | D:7      | Reached skill level 6 in Evocations
 12165 | D:7      | Identified the +7 trident of Beogh's Hope {vorpal, rN+ MR+}
 12506 | D:7      | Found Betaewk's Weapon Boutique.
 12530 | D:7      | Reached skill level 4 in Shields
 13417 | D:8      | Reached skill level 7 in Evocations
 13720 | D:8      | Reached skill level 9 in Fighting
 13959 | D:8      | Reached XP level 10. HP: 80/99 MP: 14/14
 14130 | D:8      | Paralysed by a hornet for 2 turns
 14696 | D:9      | Found a staircase to the Lair.
 14835 | D:9      | Noticed a two-headed ogre
 15027 | D:9      | Reached skill level 8 in Evocations
 15750 | Lair:1   | Entered Level 1 of the Lair of Beasts
 16053 | Lair:1   | Noticed a cane toad
 16067 | Lair:1   | HP: 10/100 [cane toad (6)]
 16068 | Lair:1   | Mangled by a cane toad

Vanquished Creatures
  A hornet (D:8)
  A wyvern (D:7)
  2 orc warriors
  2 phantoms
  2 ice beasts
  7 ogres
  3 centaurs
  2 crocodiles
  7 bullfrogs
  A water moccasin zombie (D:8)
  2 scorpions
  3 killer bees
  3 wights (D:7)
  3 hounds
  5 orc wizards
  A bullfrog skeleton (D:6)
  2 jellies
  4 orc priests
  Jessica (D:2)
  2 iguanas (D:6)
  Terence (D:2)
  A centaur skeleton (D:7)
  6 worker ants
  A killer bee zombie (D:9)
  A hound skeleton (D:7)
  7 gnolls
  10 adders
  A howler monkey skeleton (D:8)
  A shadow imp (D:5)
  2 white imps
  2 ufetubi (D:8)
  2 oozes
  An adder skeleton (D:4)
  2 adder zombies
  A worm (D:4)
  A dart slug (D:1)
  8 leopard geckos
  46 orcs
  A ball python (D:2)
  14 giant cockroaches
  11 hobgoblins
  5 jackals
  10 kobolds
  A quokka (D:1)
  13 bats
  2 frilled lizards (D:1)
  6 goblins
  A leopard gecko skeleton (D:6)
  A quokka skeleton (D:8)
  9 rats
222 creatures vanquished.

Vanquished Creatures (collateral kills)
  An orc warrior (D:6)
1 creature vanquished.

Vanquished Creatures (others)
  18 plants (D:9)
18 creatures vanquished.

Grand Total: 241 creatures vanquished
